 Dungeon Crawl Stone Soup version 0.28.0-43-g3370ac3207 (webtiles) character file.

Game seed: 8440375635340909479

1950 Bearnado the Spear-Bearer (level 8, 0/70 HPs)
             Began as a Minotaur Berserker on Mar 6, 2022.
             Was an Elder of Trog.
             Shot with an arrow by a centaur (8 damage)
             ... on level 8 of the Dungeon.
             The game lasted 00:23:08 (6585 turns).

Bearnado the Spear-Bearer (Minotaur Berserker)      Turns: 6585, Time: 00:23:09

Health: 0/70       AC: 14    Str: 28    XL:     8   Next: 99%
Magic:  7/7        EV: 12    Int:  4    God:    Trog [****..]
Gold:   252        SH:  0    Dex: 10    Spells: 7/7 levels left

rFire   . . .      SeeInvis .   a - +0 glaive
rCold   + . .      Faith    .   (shield currently unavailable)
rNeg    . . .      Spirit   .   P - +4 ring mail of Understanding {rCorr Str+4}
rPois   .          Reflect  .   (helmet restricted)
rElec   .          Harm     .   X - +2 cloak
rCorr   +          Rampage  .   Y - +0 pair of gloves
Will    .....                   (no boots)
Stlth   +.........              (no amulet)
HPRegen 0.21/turn               v - +4 ring of slaying
MPRegen 0.10/turn               F - ring of protection from cold

@: about to teleport, studying Polearms
A: horns 2, retaliatory headbutt
a: Renounce Religion, Berserk, Trog's Hand, Brothers in Arms


You were on level 8 of the Dungeon.
You worshipped Trog.
Trog was greatly pleased with you.
You visited 1 branch of the dungeon, and saw 8 of its levels.

You collected 252 gold pieces.

Inventory:

Hand Weapons
 a - a +0 glaive (weapon)
 u - a +0 spear of freezing
 y - a +0 war axe
 z - a +1 vorpal broad axe
 A - a +1 antimagic falchion
 C - a +0 quarterstaff
 G - a +0 great sword
 H - a +2 vampiric whip
 O - a +0 hand crossbow
 S - a +3 quarterstaff of chaos
 V - a +2 whip of venom
Missiles
 c - 82 arrows
 l - 17 boomerangs (quivered)
 p - 50 bolts
 q - 16 poisoned darts
 U - 6 curare-tipped darts
 W - 2 silver boomerangs
Armour
 g - a +0 ring mail
 j - a +0 leather armour
 s - a +0 chain mail
 B - a +3 ring mail
 N - a +2 leather armour of fire resistance
 P - the +4 ring mail of Understanding (worn) {rCorr Str+4}
   (You found it on level 5 of the Dungeon)

   Str:       It affects your strength (+4).
   rCorr:     It protects you from acid and corrosion.
 T - a +0 cloak
 X - a +2 cloak (worn)
 Y - a +0 pair of gloves (worn)
Jewellery
 v - a +4 ring of slaying (left hand)
 F - a ring of protection from cold (right hand)
Wands
 m - a wand of charming (19)
 J - a wand of polymorph (9)
Scrolls
 b - 2 scrolls of magic mapping {unknown}
 d - 2 scrolls of teleportation
 h - a scroll of fear {unknown}
 n - 2 scrolls of amnesia {unknown}
 o - 3 scrolls of fog {unknown}
 w - a scroll of immolation {unknown}
 D - a scroll of blinking {unknown}
 I - 2 scrolls of acquirement
 M - a scroll of identify {unknown}
Potions
 e - a potion of lignification {unknown}
 f - a potion of invisibility {unknown}
 i - a potion of haste {unknown}
 k - 2 potions of curing
 r - 3 potions of flight {unknown}
 t - 2 potions of degeneration {unknown}
 x - a potion of berserk rage {unknown}
 E - a potion of attraction {unknown}
 K - 2 potions of magic {unknown}
 L - 3 potions of might {unknown}
 Q - a potion of cancellation {unknown}
 R - a potion of brilliance {unknown}
 Z - 2 potions of heal wounds {unknown}


   Skills:
 + Level 6.2 Fighting
 + Level 5.0 Long Blades
 + Level 9.0(9.5) Polearms
 + Level 4.4(7.3) Staves
 + Level 1.6 Throwing
 + Level 6.1 Armour
 + Level 4.8 Dodging
 + Level 1.0 Stealth


You had 7 spell levels left.
You didn't know any spells.
Your spell library was empty.

Dungeon Overview and Level Annotations

Branches:
Dungeon (8/15)             Temple (0/1) D:6
   Lair: D:8-11

Altars:
Dithmenos
Kikubaaqudgha
Ru
Vehumet


Innate Abilities, Weirdness & Mutations

You have a pair of horns on your head.
You reflexively headbutt those who attack you in melee.


Message History

The centaur wields a +0 shortbow.
The centaur shoots an arrow.
The arrow misses you.
The centaur shoots an arrow.
The arrow closely misses you.
You slice the orc!!
You kill the orc!
Trog accepts your kill.
The centaur shoots an arrow.
The arrow hits you.
The centaur shoots an arrow.
The arrow misses you.
You throw a boomerang. The boomerang hits the centaur!
The centaur is moderately wounded.
The centaur shoots an arrow.
The arrow hits you.
The centaur shoots an arrow.
The arrow hits you!
The centaur shoots an arrow.
The arrow hits you.
The gnoll throws a stone.
The stone misses you.
You are too injured to fight recklessly!
The centaur shoots an arrow.
The arrow misses you.
The centaur shoots an arrow.
The arrow hits you!
Items here: ( ) [ †.
The centaur shoots an arrow.
The arrow hits you but does no damage.
The centaur shoots an arrow.
The arrow closely misses you.
The gnoll throws a stone.
The stone barely misses you.
Things that are here:
a +0 whip; a +2 dagger of venom; a kobold corpse A kobold comes into view.
It is wielding a +2 whip of electrocution.
An orc priest comes into view. It is wielding a +0 dagger.
The kobold brigand shouts!
The kobold brigand unwields a +4 short sword.
The kobold brigand wields a +0 hand crossbow.
The kobold brigand shoots a bolt.
The bolt hits you but does no damage.
The orc priest mumbles some strange prayers to Beogh against you.
Beogh smites you!
* * * LOW HITPOINT WARNING * * *
You are too injured to fight recklessly!
As you read the scroll of teleportation, it crumbles to dust.
You feel strangely unstable.
The centaur shoots an arrow.
The arrow closely misses you.
The orc priest casts a cantrip, but nothing happens.
The kobold brigand shoots a bolt.
The bolt hits you!
* * * LOW HITPOINT WARNING * * *
The centaur shoots an arrow.
The arrow hits you!
You die...

....o#.###### #....##
..<.KKK.....####.....##
.......#....##........#
.K#....#(.............#
..#.................###
.##.#####...K......##
....# #K..........#
....# #...(........#
K..## #.........@..#
##o.........##
....##..#.)## ≈
.#.##..)## .......).#
.........## ≈≈≈≈≈......
..cg≈≈......
...c≈.....##


You could see a centaur and a kobold.

Vanquished Creatures
  Sigmund (D:3)
  A sky beast (D:6)
  2 ogres
  2 orc warriors (D:6)
  2 black bears
  2 necrophages
  A phantom (D:5)
  A kobold brigand (D:7)
  2 scorpions (D:5)
  6 orc priests
  2 hounds
  Crazy Yiuf (D:5)
  Ijyb (D:4)
  Natasha (twice) (D:2)
  2 iguanas
  3 orc wizards
  Robin (D:2)
  8 adders
  3 shadow imps
  A white imp (D:6)
  An adder zombie (D:5)
  2 adder skeletons
  2 worms
  5 dart slugs
  21 orcs
  8 endoplasms
  4 giant cockroaches
  11 goblins
  10 hobgoblins
  6 jackals
  3 quokkas
  6 ball pythons
  9 bats
  3 frilled lizards
  15 kobolds
  7 rats
  A bush (D:1)
158 creatures vanquished.

Vanquished Creatures (others)
  5 plants
5 creatures vanquished.

Grand Total: 163 creatures vanquished

Notes
Turn   | Place    | Note
-------+----------+-------------------------------------------
     0 | D:1      | Bearnado the Minotaur Berserker began the quest for the
                  | Orb.
     0 | D:1      | Reached XP level 1. HP: 19/19 MP: 0/0
    84 | D:1      | Reached XP level 2. HP: 21/27 MP: 1/1
   101 | D:1      | Reached skill level 4 in Polearms
   227 | D:1      | Found a faded altar of an unknown god.
   535 | D:1      | Reached XP level 3. HP: 33/33 MP: 2/2
  1117 | D:2      | Noticed Robin
  1129 | D:2      | Reached ** piety under Trog
  1146 | D:2      | Killed Robin
  1335 | D:2      | Reached XP level 4. HP: 40/40 MP: 3/3
  1367 | D:2      | Reached skill level 5 in Polearms
  1784 | D:2      | Noticed Natasha
  1791 | D:2      | Killed Natasha
  1792 | D:2      | Reached XP level 5. HP: 46/46 MP: 4/4
  1859 | D:2      | Noticed Natasha
  1868 | D:2      | Killed Natasha
  2117 | D:3      | Reached skill level 6 in Polearms
  2254 | D:3      | Noticed Sigmund
  2261 | D:3      | Killed Sigmund
  2262 | D:3      | Reached XP level 6. HP: 53/53 MP: 5/5
  2441 | D:3      | Found a radiant altar of Vehumet.
  2486 | D:3      | Reached skill level 7 in Polearms
  2865 | D:3      | Found an ancient bone altar of Kikubaaqudgha.
  2963 | D:3      | Reached *** piety under Trog
  3242 | D:4      | Reached XP level 7. HP: 35/60 MP: 6/6
  3272 | D:4      | Found a sacrificial altar of Ru.
  3278 | D:4      | Noticed Ijyb
  3282 | D:4      | Killed Ijyb
  3283 | D:4      | Reached skill level 1 in Staves
  3464 | D:4      | Reached skill level 5 in Fighting
  3592 | D:5      | Entered Level 5 of the Dungeon
  3700 | D:5      | Reached skill level 1 in Long Blades
  3700 | D:5      | Reached skill level 5 in Armour
  3894 | D:5      | Found a runed translucent door.
  3895 | D:5      | Noticed Crazy Yiuf
  3953 | D:5      | Identified the +4 ring mail of Understanding {rCorr Str+4}
  4389 | D:5      | Killed Crazy Yiuf
  4390 | D:5      | Reached XP level 8. HP: 67/69 MP: 5/7
  4734 | D:6      | Found a staircase to the Ecumenical Temple.
  4802 | D:6      | Reached skill level 1 in Throwing
  4856 | D:6      | Identified 3 scrolls of acquirement
  4856 | D:6      | Acquired a manual of Polearms
  5528 | D:6      | Reached skill level 5 in Long Blades
  5528 | D:6      | Reached skill level 8 in Polearms
  5530 | D:6      | Reached **** piety under Trog
  5857 | D:7      | Reached skill level 1 in Stealth
  6030 | D:7      | Reached skill level 9 in Polearms
  6153 | D:7      | Found a shadowy altar of Dithmenos.
  6585 | D:8      | Shot with an arrow by a centaur

Illustrated notes

Levels and vault maps discovered:
D:1:      amcnicky_arrival_feature_with_door, layout_basic,
          hellmonk_ecumenical_altar_crossroads, serial_forest,
          infiniplex_forest_clump_small, infiniplex_forest_clump_small,
          infiniplex_forest_end_2, infiniplex_forest_clump_small, minivault_4
D:2:      layout_loops_ring, minmay_misc_feat_enclosed, uniq_natasha, uniq_robin
D:3:      layout_loops_ring, mainiacjoe_overflow_small_starburst,
          mainiacjoe_overflow_alcove_2, grunt_ministairs_12, uniq_sigmund
D:4:      layout_rooms, mainiacjoe_overflow_concentric_impassable, uniq_ijyb
D:5:      layout_loops_ring, minmay_misc_feat_alley, serial_bayou_lagoon_a,
          minmay_between, uniq_crazy_yiuf_cottage
D:6:      layout_gridville, minmay_temple_entry_proselytizer
D:7:      layout_loops_ring, mainiacjoe_overflow_alcove_1,
          grunt_decor_mini_mirrors, kennysheep_generic_room_3
D:8:      layout_cave_pools, erik_lair_island, serial_gnoll_camp,
          gnoll_camp_mini_basic, gnoll_camp_huts_moat, gnoll_camp_mini_hut,
          gnoll_camp_mini_doghouse

Skill      XL: |  1  2  3  4  5  6  7  8 |
---------------+-------------------------+-----
Polearms       | 4 5 6 7 9 |  9.0
Fighting       | 4 5 6 |  6.2
Armour         | 3 4 5 6 |  6.1
Dodging        | 3 4 |  4.8
Staves         | 2 4 |  4.4
Long Blades    | 3 5 |  5.0
Throwing       | 1 |  1.6
Stealth        | 1 |  1.0

Action                   |  1- 3 |  4- 6 |  7- 9 || total
-------------------------+-------+-------+-------++-------
Melee: Spear             |   140 |   115 |     5 ||   260
       Headbutt          |    24 |    28 |    29 ||    81
       Punch             |     2 |     1 |     1 ||     4
       Scythe            |       |    30 |       ||    30
       Quarterstaff      |       |    13 |    29 ||    42
       Great sword       |       |       |    30 ||    30
       Glaive            |       |       |    52 ||    52
Throw: Boomerang         |     5 |       |    11 ||    16
Invok: Berserk           |     1 |     5 |     2 ||     8
  Use: Scroll            |       |       |     3 ||     3
 Stab: Sleeping          |     1 |       |       ||     1
Armor: Animal skin       |     5 |       |       ||     5
       Ring mail         |    19 |    23 |    66 ||   108
Dodge: Dodged            |    49 |    40 |    76 ||   165
